 Dungeon Crawl Stone Soup version 0.31-a0-4-gefa6de2278 (webtiles) character file.

Game seed: 8912183236314480692

395 funkygono the Chopper (level 6, -14/55 HPs)
             Began as a Minotaur Fighter on May 3, 2023.
             Demolished by an ogre
             ... wielding a +0 giant club
              (20 damage)
             ... on level 4 of the Dungeon.
             The game lasted 00:05:15 (2830 turns).

funkygono the Chopper (Minotaur Fighter)            Turns: 2830, Time: 00:05:15

Health: -14/55     AC: 11    Str: 22    XL:     6   Next: 52%
Magic:  5/5        EV:  9    Int:  5    God:
Gold:   49         SH:  4    Dex: 10    Spells: 5/5 levels left

rFire   . . .        a - +1 war axe
rCold   . . .        c - +0 buckler
rNeg    . . .        g - +3 scale mail
rPois   .            (helmet restricted)
rElec   .            j - +0 cloak
rCorr   .            (no gloves)
SInv    .            (no boots)
Will    .....        (no amulet) Stlth
                     (no ring)
HPRegen 0.29/turn    (no ring)
MPRegen 0.09/turn

%: no passive effects
@: no status effects
A: horns 2, retaliatory headbutt
a: no special abilities


You were on level 4 of the Dungeon.
You visited 1 branch of the dungeon, and saw 4 of its levels.

You collected 103 gold pieces.
You spent 54 gold pieces at shops.

Inventory:

Hand Weapons
 a - a +1 war axe (weapon)
Armour
 c - a +0 buckler (worn)
 g - a +3 scale mail (worn)
 j - a +0 cloak (worn)
Scrolls
 e - 2 scrolls of identify
Potions
 d - a potion of might
 f - 2 potions of brilliance
 i - a potion of attraction
 k - a potion of berserk rage


   Skills:
 + Level 4.8 Fighting
 + Level 6.1 Axes
 + Level 5.2 Armour
 + Level 0.9 Dodging
 + Level 0.2 Stealth
 + Level 4.4 Shields


You had 5 spell levels left.
You didn't know any spells.
Your spell library contained the following spells:

 Spells                   Type           Power      Damage    Failure   Level
 Foxfire                  Conj/Fire      0%         2x1d4     85%         1
 Gell's Gravitas          Tloc           0%         N/A       99%         3
 Teleport Other           Tloc           0%         N/A       99%         3
 Sticky Flame             Conj/Fire      0%         2d3       100%        4
 Dispersal                Tloc           0%         N/A       100%        6
 Plasma Beam              Fire/Air       0%         2x1d11    100%        6
 Fire Storm               Conj/Fire      0%         5d1       100%        9


Dungeon Overview and Level Annotations

Branches:
Dungeon (4/15)
 Temple: D:4-7

Altars:
Sif Muna

Shops:
D:2 [


Innate Abilities, Weirdness & Mutations

You have a pair of horns on your head.
You reflexively headbutt those who attack you in melee.


Message History

You headbutt the orc priest! The orc hits you but does no damage.
Unknown command.
You slash the orc priest!
You kill the orc priest!
The orc hits you but does no damage.
Your Axes skill increases to level 6!
The orc barely misses you. You furiously retaliate!
You headbutt the orc, but do no damage.
You see here a +0 flail.
You barely miss the orc. Your headbutt misses the orc.
The orc hits you with a +0 trident.
You slash the orc!
You kill the orc!
You see here a +0 trident.
You see here a +0 flail.
Things that are here:
a +0 mace; a +3 scale mail; an orc corpse
g - a +3 scale mail You start removing your armour.
You continue taking off your +0 scale mail. x4
You finish taking off your +0 scale mail.
You start putting on your armour.
You continue putting on your +3 scale mail. x5
You finish putting on your +3 scale mail.
You drop a +0 scale mail.
You see here a +0 flail.
An ogre comes into view. It is wielding a +0 giant club.
The ogre shouts!
The ogre hits you with a +0 giant club!!
Ouch! That really hurt!
You hit the ogre.
The ogre is lightly wounded.
You slash the ogre!
The ogre is heavily wounded.
The ogre hits you with a +0 giant club!!
* * * LOW HITPOINT WARNING * * *
You barely miss the ogre.
The ogre is heavily wounded.
The ogre hits you with a +0 giant club!!
You die...

..............#
...............#
................#
...)............#
................#
........)......#
........)[.....#
############....)......#
......O@........).......
##########.............#
########.....#########
....................
####################


You could see an ogre.

Vanquished Creatures
  An ogre (D:4)
  3 orc priests (D:4)
  An iguana (D:4)
  Robin (D:3)
  7 gnolls
  2 adders (D:3)
  A worm (D:2)
  A dart slug (D:3)
  8 orcs
  5 ball pythons
  6 endoplasms
  3 giant cockroaches
  17 goblins
  8 hobgoblins
  8 kobolds
  5 quokkas
  5 bats
  4 frilled lizards (D:1)
  4 rats
90 creatures vanquished.

Notes
Turn   | Place    | Note
-------+----------+-------------------------------------------
     0 | D:1      | funkygono the Minotaur Fighter began the quest for the Orb.
     0 | D:1      | Reached XP level 1. HP: 19/19 MP: 0/0
    85 | D:1      | Reached XP level 2. HP: 27/27 MP: 1/1
   310 | D:1      | Got the Incunabulum of the Pyre
   542 | D:1      | Reached XP level 3. HP: 32/33 MP: 2/2
   998 | D:2      | Reached skill level 3 in Axes
  1008 | D:2      | Reached XP level 4. HP: 13/41 MP: 3/3
  1184 | D:2      | Noticed an animated plate armour
  1185 | D:2      | Found Pumul's Armour Shop.
  1185 | D:2      | Noticed an animated plate armour
  1708 | D:2      | Bought a +0 cloak for 54 gold pieces
  1784 | D:3      | Noticed Robin
  1804 | D:3      | Killed Robin
  1805 | D:3      | Reached skill level 4 in Axes
  1875 | D:3      | Found a shimmering blue altar of Sif Muna.
  1972 | D:3      | Reached XP level 5. HP: 39/47 MP: 4/4
  2376 | D:4      | Reached skill level 5 in Axes
  2416 | D:4      | Reached skill level 5 in Armour
  2416 | D:4      | Reached XP level 6. HP: 10/53 MP: 5/5
  2532 | D:4      | HP: 1/53 [ogre/+0 giant club (15)]
  2755 | D:4      | Reached skill level 6 in Axes
  2830 | D:4      | Demolished by an ogre

Illustrated notes

Levels and vault maps discovered:
D:1:      dpeg_arrival_line_fractal, layout_basic, serial_curves,
          eino_curves_01, eino_curves_02
D:2:      layout_loops_ring, serial_shops, nicolae_shop_mannequins
D:3:      layout_basic, mainiacjoe_overflow_brackets, uniq_robin
D:4:      minmay_door_path, layout_basic, temple_pool_b

Skill      XL: |  1  2  3  4  5  6 |
---------------+-------------------+-----
Fighting       | 4 |  4.8
Armour         | 4 5 |  5.2
Shields        | 4 |  4.4
Axes           | 3 4 5 6 |  6.1
Dodging        | |  0.9
Stealth        | |  0.2

Action                     |  1- 3 |  4- 6 || total
---------------------------+-------+-------++-------
  Melee: War axe           |    67 |   104 ||   171
         Headbutt          |     7 |    15 ||    22
    Use: Scroll            |       |     7 ||     7
 Armour: Scale mail        |    28 |    59 ||    87
  Dodge: Dodged            |    32 |    56 ||    88
  Block: Buckler           |    13 |    24 ||    37

Table legend: (Time is in decaauts)
 A = Elapsed time spent in this place.
 B = Non-inter-level travel time spent in this place.
 C = Inter-level travel time spent in this place.
 D = Time resting spent in this place.
 E = Time spent auto-exploring this place.
 F = Levels seen in this place.
 G = Mean time per level.
                   A        B        C        D        E       F      G
               +--------+--------+--------+--------+--------+-----+--------+
         Total |   2886 |   2785 |    101 |    168 |   2020 |   4 |  721.5 |
       Dungeon |   2886 |   2785 |    101 |    168 |   2020 |   4 |  721.5 |
               +--------+--------+--------+--------+--------+-----+--------+

Top non-repeatable levels by time:
     D:1: 946 daAuts
     D:2: 816 daAuts
     D:3: 613 daAuts
     D:4: 510 daAuts
